cohdb
Replays
Latest Replays
All Replays
Popular Replays
Top Player Replays
Match Explorer
How It Works
Community
CoH3 Stats
Reddit
Sign in to upload your games and track your stats! →
Sign in with Steam
Match 43373182
Unlisted
Match 43373182
Overview
Messages
Build Orders
End
Kettenkrad Recon Vehicle
Selects Terror Battlegroup
Construct Infanterie Kompanie
MG 42 Machine Gun Team
MG 42 Machine Gun Team
Selects Machine Gun Camouflage
MG 42 Machine Gun Team
MG 42 Machine Gun Team
Grenadier Squad
Medical Station
Grenadier Squad
Infanterie Officer Quarters
Selects Defend the Fatherland
Grenadier Squad
Construct Luftwaffe Kompanie
Jäger Squad
Defend the Fatherland
Jäger Squad
Jäger Squad
天安門大屠殺反右派鬥
只愛❤毛妹
0
0
Comments
sign in to comment!
No comments posted yet!